 Dungeon Crawl Stone Soup version 0.26-a0-651-gb41185065b (webtiles) character file.

Game seed: 281513837081216660

17 Flugslaktarn the Shield-Bearer (level 2, -2/28 HPs)
             Began as a Deep Dwarf Fighter on Oct 9, 2020.
             Blown up by a goblin (18 damage)
             ... with a disintegration bolt
             ... on level 3 of the Dungeon.
             The game lasted 00:00:09 (197 turns).

Flugslaktarn the Shield-Bearer (Deep Dwarf Fighter)  Turns: 197, Time: 00:00:10

Health: -2/28      AC:  6    Str: 19    XL:     2   Next: 44%
Magic:  2/2        EV:  7    Int:  8    God:
Gold:   26         SH:  9    Dex: 12    Spells: 1/1 levels left

rFire    . . .     SeeInvis .   a - +0 war axe
rCold    . . .     Faith    .   c - +0 kite shield
rNeg     . . .     Spirit   .   b - +0 scale mail
rPois    .         Reflect  .   (no helmet)
rElec    .         Harm     .   (no cloak)
rCorr    .         Rampage  .   (no gloves)
MR       .....                  (no boots)
Stlth    ..........             (no amulet)
HPRegen  0.00/turn              (no ring)
MPRegen  0.08/turn              (no ring)

@: lethally poisoned (-2 -> -2), non-regenerating
A: damage resistance, heal wounds, sense surroundings 1, no regeneration
a: Heal Wounds


You were on level 3 of the Dungeon.
You visited 1 branch of the dungeon, and saw 3 of its levels.

You collected 26 gold pieces.

Inventory:

Hand Weapons
 a - a +0 war axe (weapon)
Armour
 b - a +0 scale mail (worn)
 c - a +0 kite shield (worn)
Jewellery
 e - an uncursed ring of see invisible {unknown}
   (You found it on level 1 of the Dungeon)
 i - a +6 ring of intelligence {unknown}
   (You found it on level 3 of the Dungeon)
Scrolls
 f - 2 scrolls of teleportation {unknown}
 h - a scroll of identify {unknown}
Potions
 d - a potion of might
 g - a potion of degeneration {unknown}


   Skills:
 * Level 3.0 Fighting
 * Level 2.6 Axes
 + Level 3.4 Armour
 + Level 3.4 Shields


You had one spell level left.
You didn't know any spells.
Your spell library was empty.

Dungeon Overview and Level Annotations

Branches:
Dungeon (3/15)

Altars:


Innate Abilities, Weirdness & Mutations

You are resistant to damage.
You can heal yourself by infusing magical energy.
You passively map a small area around you.
You do not regenerate.


Message History

You kill the kobold!
A goblin comes into view.
It is wielding a +0 dagger and carrying a wand of disintegration (11).
The goblin shouts!
The goblin hits you with a +0 dagger.
Found 11 gold pieces.
You see here 6 poisoned darts.
You closely miss the goblin.
A worm comes into view.
The goblin barely misses you. The goblin completely misses you.
You hit the goblin.
The goblin is severely wounded.
You hit the goblin but do no damage. You block the goblin's attack.
The goblin hits you but does no damage. The goblin barely misses you.
You barely miss the goblin.
The goblin is severely wounded.
You hit the goblin.
You kill the goblin!
The goblin zaps a wand.
You are blasted!
Ouch! That really hurt!
You die...

##..##.....##
#.#....#.#..##
##.##.........
* ##.#..#.#.##
* *
##........#, *
##...###.#
###(# , * ,
#†# * , * *
*#@# * * , ,
#...g)..$.# ,
,
.w..#.#.#...#
.........?.##
* ,
.#..#.#.#.>..
#............
#..#.#.#....##
##.......#.##
* *


You could see a worm and a goblin.

Vanquished Creatures
  2 worms
  A giant cockroach (D:3)
  3 hobgoblins (D:1)
  A goblin (D:3)
  4 kobolds
  A rat (D:3)
12 creatures vanquished.

Notes
Turn   | Place    | Note
-------+----------+-------------------------------------------
     0 | D:1      | Flugslaktarn the Deep Dwarf Fighter began the quest for the
                  | Orb.
     0 | D:1      | Reached XP level 1. HP: 20/20 MP: 1/1
    80 | D:2      | Reached XP level 2. HP: 17/27 MP: 2/2
   197 | D:3      | Blown up by a goblin

Illustrated notes

Levels and vault maps discovered:
D:1:      dpeg_arrival_shrine, layout_rooms, minivault_19
D:2:      layout_basic, zin_statuary, minmay_misc_feat_cross
D:3:      layout_loops_ring, serial_glass, glass_columns_c, glass_columns_a,
          glass_columns_b, glass_columns_a, glass_columns_b, feat_on_display,
          feat_on_display, feat_on_display, minmay_misc_feat_more_columns

Skill      XL: |  1  2 |
---------------+-------+-----
Fighting       | 3 |  3.0
Axes           | |  2.6
Armour         | |  3.4
Shields        | |  3.4

Action                   || total
-------------------------++-------
Melee: War axe           ||    30
Armor: Scale mail        ||    15
Dodge: Dodged            ||     6
Block: Kite shield       ||    14

Table legend: (Time is in decaauts)
 A = Elapsed time spent in this place.
 B = Non-inter-level travel time spent in this place.
 C = Inter-level travel time spent in this place.
 D = Time resting spent in this place.
 E = Time spent auto-exploring this place.
 F = Levels seen in this place.
 G = Mean time per level.
                   A        B        C        D        E       F      G
               +--------+--------+--------+--------+--------+-----+--------+
         Total |    211 |    184 |     27 |      0 |    106 |   3 |   70.3 |
       Dungeon |    211 |    184 |     27 |      0 |    106 |   3 |   70.3 |
               +--------+--------+--------+--------+--------+-----+--------+

Top non-repeatable levels by time:
     D:3: 93 daAuts
     D:1: 77 daAuts
     D:2: 40 daAuts
